 Dungeon Crawl Stone Soup version 0.30-a0-476-g330ca2eb8e (webtiles) character file.

Game seed: 17400815361730167056

3408286 gohu the Conqueror (level 27, 215/273 HPs)
             Began as a Minotaur Fighter on Sept 8, 2020.
             Was the Champion of Okawaru.
             Escaped with the Orb
             ... and 5 runes on Dec 21, 2022!
             The game lasted 03:53:41 (64052 turns).

gohu the Conqueror (Minotaur Fighter)              Turns: 64052, Time: 03:53:42

Health: 215/273    AC: 51    Str: 33    XL:     27
Magic:  34/34      EV: 16    Int: 10    God:    Okawaru [******]
Gold:   11134      SH: 33    Dex: 15    Spells: 22/26 levels left

rFire   + + +      SeeInvis .    c - +11 broad axe of True Grit {speed, rC+ Str+3}
rCold   + + +      Faith    .    W - +8 tower shield "Utiog" {Rampage rPois rC- Str+2}
rNeg    + . .      Spirit   .    l - +11 crystal plate armour
rPois   +          Reflect  .    X - -2 hat of the Alchemist {rElec rPois rF+ rC+ rN+ Will+ rMut rCorr}
rElec   +          Harm     .    Y - +2 cloak of Hubris {Fly rElec Regen+ Int-5}
rCorr   +          Rampage  +    Z - +1 pair of gloves {hurl}
rMut    +                        f - +2 pair of boots {Fly}
Will    +++++                    v - amulet of the Cast Vote {RegenMP rF+ rC+++ Str-2 Int+4}
Stlth   ..........               K - +4 ring of slaying
HPRegen 1.45/turn                E - ring of Oneax {rF+ Will++ Int+4}
MPRegen 0.64/turn

@: flying
A: horns 2, retaliatory headbutt, thin skeletal structure 1, mutation resistance
1, subdued magic 1
0: Orb of Zot
}: 5/15 runes: serpentine, barnacled, slimy, silver, abyssal
a: Renounce Religion, Heroism, Finesse, Duel


You escaped.
You worshipped Okawaru.
Okawaru was exalted by your worship.
You visited 11 branches of the dungeon, and saw 55 of its levels.
You visited the Abyss 1 time.
You also visited: Trove, Volcano, Wizlab and Desolation.

You collected 13758 gold pieces.
You spent 2624 gold pieces at shops.

Inventory:

Hand Weapons
 c - the +11 broad axe of True Grit (weapon) {speed, rC+ Str+3}
   (Okawaru gifted it to you on level 5 of the Realm of Zot)

   Attacks with this weapon are significantly faster.
   Str:       It affects your strength (+3).
   rC:        It protects you from cold.
 e - a +0 vampiric broad axe
 u - the +7 broad axe "Imosonk" {protect, rF+ Will+}
   (Okawaru gifted it to you on level 6 of the Lair of Beasts)

   It grants its wielder temporary protection when it strikes (+7 to AC).
   rF:        It protects you from fire.
   Will:      It increases your willpower.
Missiles
 h - a poisoned dart
 n - 21 javelins (quivered)
 t - 13 silver javelins
 D - 12 throwing nets
Armour
 d - a +2 pair of gloves of strength
 f - a +2 pair of boots of flying (worn)
 l - a +11 crystal plate armour (worn)
 W - the +8 tower shield "Utiog" (worn) {Rampage rPois rC- Str+2}
   (You bought it in a shop on level 10 of the Dungeon)

   Str:       It affects your strength (+2).
   rC:        It makes you vulnerable to cold.
   rPois:     It protects you from poison.
   Rampage:   It bestows one free step when moving towards enemies.
 X - the -2 hat of the Alchemist (worn) {rElec rPois rF+ rC+ rN+ Will+ rMut rCorr}
   (You found it in a wizard's laboratory)

   rF:        It protects you from fire.
   rC:        It protects you from cold.
   rElec:     It insulates you from electricity.
   rPois:     It protects you from poison.
   rN:        It protects you from negative energy.
   rCorr:     It protects you from acid and corrosion.
   rMut:      It protects you from mutation.
   Will:      It increases your willpower.
 Y - the +2 cloak of Hubris (worn) {Fly rElec Regen+ Int-5}
   (Okawaru gifted it to you on level 13 of the Dungeon)

   Int:       It affects your intelligence (-5).
   rElec:     It insulates you from electricity.
   Fly:       It grants you flight.
   Regen:     It increases your rate of health regeneration.
 Z - a +1 pair of gloves of hurling (worn)
Jewellery
 b - the ring "Lavvegoe" {rC++ Int+6}
   (You found it on level 5 of the Pits of Slime)

   [ring of intelligence]

   Int:       It affects your intelligence (+6).
   rC:        It greatly protects you from cold.
 g - the ring "Gedycuab" {rF+ Str+6 Dex+3}
   (You found it on level 2 of the Depths)

   [ring of strength]

   Str:       It affects your strength (+6).
   Dex:       It affects your dexterity (+3).
   rF:        It protects you from fire.
 v - the amulet of the Cast Vote (around neck) {RegenMP rF+ rC+++ Str-2 Int+4}
   (You found it on level 3 of the Lair of Beasts)

   [amulet of magic regeneration]

   It increases your rate of magic regeneration.
   Str:       It affects your strength (-2).
   Int:       It affects your intelligence (+4).
   rF:        It protects you from fire.
   rC:        It renders you almost immune to cold.
 y - the ring of Atumio {rElec rPois Str+6}
   (You took it off a deep elf zephyrmancer on level 3 of the Elven Halls)

   [ring of strength]

   Str:       It affects your strength (+6).
   rElec:     It insulates you from electricity.
   rPois:     It protects you from poison.
 z - a +4 ring of slaying
 E - the ring of Oneax (right hand) {rF+ Will++ Int+4}
   (You found it on level 4 of the Shoals)

   [ring of protection from fire]

   Int:       It affects your intelligence (+4).
   rF:        It protects you from fire.
   Will:      It greatly increases your willpower.
 K - a +4 ring of slaying (left hand)
 M - a ring of poison resistance
 P - a ring of protection from fire
 S - a ring of see invisible
 U - a ring of protection from fire
Wands
 r - a wand of digging (28)
 C - a wand of iceblast (44)
 F - a wand of acid (31)
 L - a wand of paralysis (5)
 O - a wand of mindburst (28)
Scrolls
 i - 49 scrolls of identify
 m - 6 scrolls of removedness
 o - 14 scrolls of enchant weapon
 p - 11 scrolls of blinking
 s - 3 scrolls of fog
 G - 31 scrolls of teleportation
 I - 10 scrolls of poison
 J - 9 scrolls of magic mapping
 N - a scroll of holy word
 Q - 3 scrolls of silence
Potions
 a - 4 potions of resistance
 j - 15 potions of heal wounds
 q - 18 potions of curing
 w - 4 potions of invisibility
 x - 13 potions of haste
 A - 25 potions of mutation
 R - 4 potions of might
 T - 2 potions of cancellation
 V - 3 potions of brilliance


   Skills:
 O Level 27 Fighting
 - Level 4.5 Long Blades
 O Level 27 Axes
 + Level 6.2 Staves
 - Level 3.2 Ranged Weapons
 - Level 10.5 Throwing
 O Level 27 Armour
 + Level 18.1 Dodging
 O Level 27 Shields
 - Level 2.2 Conjurations
 - Level 2.4 Hexes
 - Level 2.4 Summonings
 - Level 2.4 Necromancy
 - Level 2.1 Translocations
 - Level 1.6 Transmutations
 - Level 1.9 Fire Magic
 - Level 1.9 Ice Magic
 - Level 2.0 Air Magic
 - Level 1.9 Earth Magic
 - Level 1.9 Poison Magic
 + Level 17.5 Invocations
 - Level 1.7 Evocations


You had 22 spell levels left.
You knew the following spells:

 Your Spells              Type           Power      Damage    Failure   Level
a - Blink                 Tloc           6%         N/A       69%         2
b - Passwall              Tmut/Erth      1%         N/A       73%         2

Your spell library contained the following spells:

 Spells                   Type           Power      Damage    Failure   Level
 Animate Skeleton         Necr           6%         N/A       50%         1
 Necrotise                Necr           12%        1d4       50%         1
 Pain                     Necr           12%        1d4       50%         1
 Kiss of Death            Conj/Necr      12%        2d6       52%         1
 Magic Dart               Conj           12%        1d3       52%         1
 Apportation              Tloc           6%         N/A       54%         1
 Foxfire                  Conj/Fire      12%        2x1d4     54%         1
 Shock                    Conj/Air       12%        1d3       54%         1
 Freeze                   Ice            8%         1d3       56%         1
 Sandblast                Erth           6%         2d5       56%         1
 Sting                    Tmut/Pois      8%         1d3       58%         1
 Sublimation of Blood     Necr           3%         N/A       63%         2
 Searing Ray              Conj           6%         2d4       67%         2
 Cigotuvi's Dreadful Rot  Necr/Pois/Air  6%         N/A       69%         2
 Static Discharge         Conj/Air       6%         2-3/arc   69%         2
 Wereblood                Tmut           2%         N/A       77%         2
 Vampiric Draining        Necr           3%         2d6       86%         3
 Dazzling Flash           Conj/Hex       6%         N/A       88%         3
 Portal Projectile        Hex/Tloc       6%         N/A       88%         3
 Gell's Gravitas          Tloc           3%         N/A       89%         3
 Stone Arrow              Conj/Erth      6%         3d7       89%         3
 Teleport Other           Tloc           3%         N/A       89%         3
 Hailstorm                Conj/Ice       3%         3d3       90%         3
 Kindle Blastsparks       Fire/Tloc/Air  6%         2d10      90%         3
 Mephitic Cloud           Conj/Pois/Air  3%         N/A       90%         3
 Swiftness                Air            3%         N/A       90%         3
 Vhi's Electric Charge    Tloc/Air       6%         N/A       90%         3
 Frozen Ramparts          Ice            4%         1d1       91%         3
 Ignite Poison            Fire/Tmut/Pois 2%         N/A       92%         3
 Spider Form              Tmut/Pois      2%         N/A       92%         3
 Anguish                  Hex/Necr       1%         N/A       99%         4
 Cause Fear               Hex            1%         N/A       99%         4
 Dispel Undead            Necr           3%         3d7       99%         4
 Fulminant Prism          Conj/Hex       1%         3d5       99%         4
 Flame Wave               Conj/Fire      3%         2d5       100%        4
 Ice Form                 Ice/Tmut       2%         N/A       100%        4
 Iskenderun's Mystic Bla  Conj/Tloc      3%         2d3       100%        4
 Leda's Liquefaction      Hex/Erth       1%         N/A       100%        4
 Manifold Assault         Tloc           3%         N/A       100%        4
 Passage of Golubria      Tloc           3%         N/A       100%        4
 Petrify                  Tmut/Erth      2%         N/A       100%        4
 Agony                    Necr           3%         N/A       100%        5
 Alistair's Intoxication  Tmut/Pois      1%         N/A       100%        5
 Arcjolt                  Conj/Air       1%         1d11      100%        5
 Blade Hands              Tmut           1%         N/A       100%        5
 Bolt of Magma            Conj/Fire/Erth 1%         4d4       100%        5
 Fireball                 Conj/Fire      1%         3d3       100%        5
 Freezing Cloud           Conj/Ice/Air   1%         6-21      100%        5
 Irradiate                Conj/Tmut      1%         3d12      100%        5
 Iskenderun's Battlesphe  Conj           3%         2d6       100%        5
 Lee's Rapid Deconstruct  Erth           1%         3d4*      100%        5
 Lightning Bolt           Conj/Air       1%         1d12      100%        5
 Metabolic Englaciation   Hex/Ice        1%         N/A       100%        5
 Silence                  Hex/Air        1%         N/A       100%        5
 Yara's Violent Unravell  Hex/Tmut       1%         3d3       100%        5
 Conjure Ball Lightning   Conj/Air       1%         3x3d6     100%        6
 Dispersal                Tloc           1%         N/A       100%        6
 Eringya's Noxious Bog    Tmut/Pois      1%         N/A       100%        6
 Iron Shot                Conj/Erth      1%         9d1       100%        6
 Starburst                Conj/Fire      1%         6d3       100%        6
 Statue Form              Tmut/Erth      1%         N/A       100%        6
 Dragon Form              Tmut           1%         N/A       100%        7
 Enfeeble                 Hex            1%         N/A       100%        7
 Orb of Destruction       Conj           1%         9d5       100%        7
 Storm Form               Tmut/Air       1%         N/A       100%        7
 Borgnjor's Revivificati  Necr           1%         N/A       100%        8
 Discord                  Hex            1%         N/A       100%        8
 Disjunction              Tloc           1%         N/A       100%        8
 Ignition                 Fire           1%         3d3       100%        8
 Lehudib's Crystal Spear  Conj/Erth      1%         10d2      100%        8
 Maxwell's Capacitive Co  Air            1%         ∞         100%        8
 Necromutation            Tmut/Necr      1%         N/A       100%        8
 Chain Lightning          Conj/Air       1%         3d2       100%        9
 Death's Door             Necr           1%         N/A       100%        9
 Fire Storm               Conj/Fire      1%         8d1       100%        9
 Polar Vortex             Ice            1%         N/A       100%        9
 Shatter                  Erth           1%         3d6*      100%        9
 Summon Small Mammal      Summ           Unusable   N/A       N/A         1
 Call Imp                 Summ           Unusable   N/A       N/A         2
 Animate Dead             Necr           Unusable   N/A       N/A         4
 Animate Armour           Summ/Erth      Unusable   N/A       N/A         4
 Summon Ice Beast         Ice/Summ       Unusable   N/A       N/A         4
 Summon Lightning Spire   Summ/Air       Unusable   N/A       N/A         4
 Summon Forest            Summ/Tloc      Unusable   N/A       N/A         5
 Death Channel            Necr           Unusable   N/A       N/A         6
 Simulacrum               Ice/Necr       Unusable   N/A       N/A         6
 Haunt                    Necr/Summ      Unusable   N/A       N/A         7
 Spellforged Servitor     Conj/Summ      Unusable   N/A       N/A         7
 Summon Hydra             Summ           Unusable   N/A       N/A         7

Dungeon Overview and Level Annotations

Branches:
Dungeon (15/15)            Temple (1/1) D:6            Lair (6/6) D:10
 Shoals (4/4) Lair:4        Snake (4/4) Lair:3        Slime (5/5) Lair:5
    Orc (2/2) D:9             Elf (3/3) Orc:2        Vaults (5/5) D:13
  Crypt (0/3) Vaults:3     Depths (5/5) D:15            Zot (5/5) Depths:5
Volcano (visited)          WizLab (visited)         Desolation (visited)

Altars:
Ashenzari
Cheibriados
Dithmenos
Elyvilon
Fedhas
Gozag
Kikubaaqudgha
Makhleb
Nemelex Xobeh
Okawaru
Qazlal
Ru
Sif Muna
Trog
Uskayaw
Vehumet
Wu Jian
Xom
Yredelemnul
Zin
The Shining One
Jiyva
Lugonu

Shops:
D:5 :   D:6 [(!   D:7 [   D:9 !   D:10 [   Orc:1 [   Orc:2 (?*([=?   Elf:2 *
Elf:3 ::[[   Shoals:2 [(   Shoals:4 !   Snake:1 ((   Vaults:3 [   Vaults:4 !
Depths:1 =:=   Depths:3 *   Depths:5 (*?

Portals:
Hell: Depths:1 Depths:2 Depths:3 Depths:4 Depths:5
Abyss: Depths:3 Depths:4
Pandemonium: Orc:2 Depths:2 Depths:3
Ziggurat: Depths:1

Annotations:
Lair:5 exclusion: oklob plant
Shoals:2 3 runed translucent doors, Kefraoll's ghost, adept BaCj; Roxanne
Depths:3 1 runed door, exclusion: obsidian statue, Puodgh's ghost, adept MfGl
Depths:4 3 runed translucent doors, Unolod's ghost, adept MiBe


Innate Abilities, Weirdness & Mutations

You have a pair of horns on your head.
You reflexively headbutt those who attack you in melee.
You have a somewhat thin skeletal structure. (Dex +2, Stealth+)
You are somewhat resistant to further mutation.
Your spells are a little easier to cast, but a little less powerful.


Message History

i - 49 scrolls of identify (gained 1)
The Tzitzimitl calls on the powers of darkness!
Your body is wracked with pain!
There is a stone staircase leading up, spattered with blood here.
You fly upwards.
There is a stone staircase leading down here.
(D) Dungeon (T) Temple (L) Lair (A) Shoals (P) Snake Pit (M) Slime Pits (O) Orcish Mines (E) Elven Halls (V) Vaults (C) Crypt (U) Depths (H) Hell (Z) Zot
Where to? (Enter - D:1, ? - help)
There is a stone staircase leading down here.
There is a stone staircase leading up here.
You fly upwards.
A ynoxinul comes into view.
There is a stone staircase leading down here.
The ynoxinul moves out of view.
You see here a +0 dagger.
You slice the plant!!
The plant begins to die.
You headbutt the plant!!
The plant is moderately damaged.
You open the plant like a pillowcase!!!
The plant begins to die.
You slice the plant!!
The plant begins to die.
You slice the plant!! You headbutt the plant!!
The plant is heavily damaged.
You slice the plant!! You slash the plant! You slash the plant!
The plant is heavily damaged.
You slice the plant!! You hit the plant.
You slice the plant like a ripe choko!!!
You headbutt the plant!!
The plant is almost destroyed.
You hit the plant. You slash the plant! You slash the plant!
You headbutt the plant!
You destroy the plant!
You slice the plant!! You chop the plant into pieces!!!
A nearby plant withers and dies.
A nearby plant withers and dies.
There is a staircase leading out of the dungeon here.
The ynoxinul gestures.
You have escaped!

##.## #PP.PP.PP.PP.PP.PP.....##
##.#####PP.P.PP.P.PP.P.PP..#.##
#.......PP.P.P.PPP.P.P(PP..#.#
#..####.PP.P.PP.P.PP.P.PP###.#
#(...##.PP.PP.PP.PP.PP.PP###'##
#.##.##.PPP.PP.PPP.PP.PPP##...##
#.##.##.PPP.PPP...PPP.PPP#.....##
#.......PPPP..PPPPP..PPPP....)..#
###...##PPPPPP..@..PPPPPP........
........PPPPPPP.5.PPPPPPP........
##......##....##)....###.........
#.#.##.##.##.##3#.#.# ##.......#
#)#.##.........5.##.# ##.....##
#.#......#.#........# ##...##
#.###..........#.#### ##'##
#.###..#.#.#.#.#.# #.#
#..........>...#.# #######.###


You could see a ynoxinul and 2 ufetubi.

Vanquished Creatures
  the Royal Jelly (Slime:5)
  6 dread liches
  2 ancient liches
  6 orbs of fire
  Mara (Snake:4)
  2 juggernauts
  Bai Suzhen (Vaults:3)
  10 Killer Klowns
  Rupert (D:13)
  Saint Roka (Snake:4)
  13 golden dragons
  2 curse toes
  the Enchantress (Depths:3)
  Nikola (Snake:1)
  A mutant beast (WizLab)
  A profane servitor (Abyss:3)
  A bone dragon (Depths:5)
  A Tzitzimitl (D:15)
  4 electric golems (Zot:5)
  Jorgrun (D:15)
  An Ice Fiend (D:5)
  21 tentacled monstrosities
  Zenata (Vaults:3)
  3 deep elf blademasters (Elf:3)
  9 liches
  26 Orb Guardians
  A walking frostbound tome (Depths:4)
  A walking divine tome (Depths:4)
  Polyphemus (Shoals:2)
  6 quicksilver dragons
  13 death cobs
  5 titans (Vaults:5)
  14 acid blobs
  6 deep elf master archers (Elf:3)
  12 sphinxes
  Kirke (Lair:3)
  2 tentacled starspawn (Abyss:3)
  4 krakens
  7 draconian monks
  11 rockslimes
  7 tengu reavers
  Donald (Shoals:4)
  11 storm dragons
  13 shadow dragons
  6 vampire knights
  A daeva (Abyss:3)
  3 nagarajas
  2 iron dragons (Vaults:5)
  8 draconian knights
  An imperial myrmidon (Desolation)
  9 azure jellies
  8 deep elf sorcerers
  11 fire giants
  A caustic shrike zombie (Depths:2)
  A juggernaut zombie (Depths:1)
  Aizul (Snake:1)
  19 vault wardens
  A ghost moth (Zot:5)
  4 draconian scorchers
  A curse skull (Depths:3)
  4 draconian stormcallers
  Louise (Shoals:4)
  6 deep elf elementalists (Elf:3)
  A ghost moth (shapeshifter) (WizLab)
  10 draconian shifters
  16 frost giants
  An orc warlord (Orc:2)
  7 spriggan defenders
  2 war gargoyles (Vaults:5)
  10 draconian annihilators
  8 quicksilver oozes
  55 very ugly things
  8 ironbound thunderhulks
  17 ironbound preservers
  An ophan (Abyss:3)
  21 stone giants
  18 green draconians
  An elemental wellspring (Shoals:1)
  10 deep elf demonologists
  Azrael (D:15)
  11 black draconians
  14 red draconians
  10 spark wasps
  11 yellow draconians
  21 dire elephants
  2 lorocyprocas
  A halazid warlock (Desolation)
  6 deep elf annihilators
  14 white draconians
  5 crystal guardians (Desolation)
  Snorg (Orc:2)
  6 purple draconians
  20 hydras
  A blizzard demon (Depths:2)
  3 deep elf death magi
  9 fire dragons
  Erica (D:9)
  3 merfolk javelineers
  16 ettins
  9 merfolk impalers
  2 entropy weavers
  3 deep elf high priests
  2 entropy weavers (shapeshifter) (WizLab)
  Fannar (Lair:2)
  Harold (Lair:2)
  A shambling mangrove (Abyss:3)
  7 two-headed ogres
  11 ragged hierophants (Desolation)
  28 vault guards
  9 great orbs of eyes
  11 yaktaur captains
  5 salamander tyrants
  8 ice dragons
  6 servants of whispers (Desolation)
  6 vampire magi
  A ghost crab (Abyss:3)
  8 rakshasas
  3 demonspawn (Orc:2)
  7 spriggan air magi
  A merfolk avatar (Shoals:4)
  3 alligator snapping turtles
  11 centaur warriors
  12 peacekeepers
  5 satyrs
  3 catoblepae
  9 ironbound frosthearts
  5 merfolk aquamancers
  Nergalle (D:11)
  3 ogre magi
  10 anacondas
  A boulder beetle (Lair:6)
  9 deep troll shamans
  8 naga warriors
  7 tengu warriors
  15 deep troll earth magi
  34 dancing weapons
  7 spriggan berserkers
  8 death yaks
  7 orc high priests (Orc:2)
  6 thrashing horrors (Abyss:3)
  5 shock serpents
  14 hell knights
  2 shock serpents (shapeshifter)
  10 naga sharpshooters
  17 deep elf knights
  Urug (Lair:1)
  9 soul eaters
  Sonja (Orc:1)
  8 iron trolls
  A sun demon (Orc:2)
  A wretched star (Abyss:3)
  A salamander mystic (Snake:4)
  9 skeletal warriors
  A swamp dragon (shapeshifter) (Vaults:5)
  13 sea snakes
  A spectral anaconda (Lair:6)
  2 sixfirhies
  A deep troll (shapeshifter) (Vaults:5)
  44 deep trolls
  6 glowing orange brains
  A glowing orange brain (shapeshifter) (WizLab)
  2 unseen horrors
  A steelbarb worm (shapeshifter) (WizLab)
  A spriggan druid (Depths:1)
  4 naga ritualists
  4 flayed ghosts
  13 wizards
  16 ironbound convokers
  20 deep elf archers
  3 phantasmal warriors (Vaults:5)
  2 obsidian statues
  A harpy (shapeshifter) (Vaults:5)
  A shadow demon (Depths:3)
  2 wolf spider zombies (D:15)
  A golden dragon skeleton (Depths:1)
  Pikel (D:8)
  7 lindwurms
  4 orc knights (Orc:2)
  6 shining eyes
  34 deep elf zephyrmancers
  A shining eye (shapeshifter) (Vaults:5)
  21 necromancers
  6 cyclopes
  32 deep elf pyromancers
  25 harpies
  An anaconda skeleton (Volcano)
  8 mana vipers
  45 ugly things
  5 orc sorcerers
  2 iron dragon zombies
  A manticore (shapeshifter) (Depths:4)
  10 salamanders
  An oklob plant (Lair:3)
  A worldbinder (Abyss:3)
  2 fire giant zombies
  11 fauns
  16 manticores
  3 stone giant skeletons
  A torpor snail (Lair:6)
  26 moths of wrath
  9 guardian serpents
  2 frost giant skeletons (Depths:1)
  Psyche (D:8)
  A molten gargoyle (Desolation)
  9 water nymphs
  A water nymph (shapeshifter) (WizLab)
  38 black mambas
  8 merfolk sirens
  17 vault sentinels
  2 smoke demons (Abyss:3)
  An apocalypse crab (Abyss:3)
  28 elephants
  6 orange demons
  6 gargoyles
  9 cane toads
  A cane toad (shapeshifter) (D:15)
  2 eyes of devastation
  15 naga magi
  An iron dragon skeleton (Depths:2)
  A dire elephant skeleton (Lair:6)
  31 yaktaurs
  A rime drake (shapeshifter) (WizLab)
  3 unseen horrors (shapeshifter)
  4 kobold demonologists
  7 komodo dragons
  An ice devil (Depths:3)
  5 rime drakes
  2 yaktaurs (shapeshifter)
  2 hellwings (Depths:3)
  3 freezing wraiths
  4 polar bears
  3 tengu conjurers
  16 ghosts
  34 merfolk
  A queen bee (shapeshifter) (D:14)
  10 trolls
  3 meliai (D:14)
  A wind drake (shapeshifter) (WizLab)
  A polar bear (shapeshifter) (WizLab)
  3 blink frogs (shapeshifter) (WizLab)
  9 hornets
  14 blink frogs
  60 saltlings (Desolation)
  6 wind drakes
  A dream sheep (shapeshifter) (WizLab)
  5 raiju (Abyss:3)
  A tarantella (shapeshifter) (WizLab)
  48 dream sheep
  3 harpy skeletons (Volcano)
  93 slime creatures
  A snapping turtle (shapeshifter) (WizLab)
  A human simulacrum (Vaults:2)
  11 snapping turtles
  An alligator skeleton (Volcano)
  A spriggan (shapeshifter) (WizLab)
  24 flying skulls
  A jumping spider (Vaults:4)
  8 spriggans
  A ynoxinul (Depths:3)
  3 shadows
  12 water elementals
  3 air elementals
  2 wyverns
  2 hogs (Lair:3)
  A centaur simulacrum (D:14)
  Sigmund (D:5)
  8 vampires (D:12)
  Grum (D:11)
  A wraith (D:14)
  20 humans
  47 yaks
  A hog (shapeshifter) (WizLab)
  6 basilisks
  5 golden eyes
  9 fire elementals
  A death yak simulacrum (Lair:6)
  2 golden eyes (shapeshifter) (WizLab)
  An iron golem (WizLab)
  4 redbacks
  A steam dragon (D:14)
  A chaos spawn (Orc:2)
  6 vampire mosquitoes
  4 neqoxecs
  An elf skeleton (Vaults:3)
  A spectral cane toad (Lair:6)
  A swamp worm (shapeshifter) (WizLab)
  A ghost (shapeshifter) (D:14)
  A warg (Snake:4)
  An ogre zombie (Vaults:2)
  2 acid dragons
  30 nagas
  16 water moccasins
  14 large abominations
  4 floating eyes (WizLab)
  3 glowing shapeshifter skeletons (Vaults:3)
  4 hell hounds
  36 orc warriors
  3 ice beasts
  3 sky beasts
  2 phantoms (D:8)
  4 black bears
  A necrophage (D:13)
  A hornet zombie (D:14)
  A boggart (Vaults:3)
  13 wolves
  11 starcursed masses (Abyss:3)
  9 centaurs
  15 ogres
  12 small abominations
  A lemure (D:8)
  2 kobold brigands
  15 bullfrogs
  A cane toad simulacrum (Lair:6)
  4 earth elementals
  10 human skeletons
  A wyvern zombie (D:11)
  7 scorpions
  2 elephant simulacra (Lair:6)
  3 spriggan skeletons
  21 wights
  3 electric eels (Snake:4)
  3 howler monkeys
  3 centaur zombies
  8 human zombies
  A quasit (Abyss:3)
  2 iron imps (Abyss:3)
  A bullfrog zombie (D:9)
  6 hounds
  31 orc priests
  6 bullfrog skeletons
  11 jellies
  10 orc wizards
  7 centaur skeletons
  An iguana (D:4)
  A hell rat (D:12)
  6 removed worker ants
  4 naga skeletons (Volcano)
  A removed worker ant zombie (D:9)
  A river rat (D:12)
  10 adders
  A shadow imp (D:10)
  4 white imps
  2 ufetubi
  4 endoplasms
  2 adder skeletons
  An adder zombie (D:7)
  2 worms
  A dart slug (D:3)
  84 orcs
  11 removed leopard geckos
  3 ball pythons (D:2)
  7 giant cockroaches
  7 goblins
  6 hobgoblins
  9 jackals
  16 kobolds
  3 quokkas
  3 training dummies (Shoals:2)
  15 bats
  9 frilled lizards
  A quokka skeleton (D:9)
  8 rats
  A plant (D:1)
  2 starspawn tentacles (Abyss:3)
  13 tentacles
2759 creatures vanquished.

Vanquished Creatures (collateral kills)
  A lemure (D:8)
  An orc (D:8)
2 creatures vanquished.

Vanquished Creatures (others)
  A death cob (Zot:2)
  A ghost moth (Zot:3)
  2 red draconians (Zot:1)
  A fire crab (Abyss:3)
  A wizard (Vaults:3)
  A saltling (Desolation)
  A scorpion (D:4)
  A hound (D:4)
  A gnoll (D:4)
  An adder (D:4)
  14 bushes
  31 fungi
  97 plants
  4 starspawn tentacles (Abyss:3)
  21 tentacles
  18 withered plants (Lair:6)
196 creatures vanquished.

Grand Total: 2957 creatures vanquished

Notes
Turn   | Place    | Note
-------+----------+-------------------------------------------
     0 | D:1      | gohu the Minotaur Fighter began the quest for the Orb.
     0 | D:1      | Reached XP level 1. HP: 19/19 MP: 0/0
   202 | D:1      | Reached XP level 2. HP: 27/27 MP: 1/1
   502 | D:2      | Reached XP level 3. HP: 33/33 MP: 2/2
   708 | D:1      | Found a shattered altar of Ashenzari.
  1287 | D:2      | Reached XP level 4. HP: 38/40 MP: 3/3
  2040 | D:3      | Reached skill level 5 in Axes
  2040 | D:3      | Reached XP level 5. HP: 44/46 MP: 4/4
  2188 | D:3      | Reached skill level 5 in Armour
  2312 | D:4      | Reached XP level 6. HP: 22/52 MP: 5/5
  2546 | D:5      | Entered Level 5 of the Dungeon
  2555 | D:5      | Noticed Sigmund
  2605 | D:4      | Found a shimmering altar of Xom.
  3172 | D:5      | Killed Sigmund
  3172 | D:5      | Reached XP level 7. HP: 53/60 MP: 6/6
  3490 | D:6      | Found a staircase to the Ecumenical Temple.
  3499 | Temple   | Entered the Ecumenical Temple
  3660 | Temple   | Upgraded the game from 0.26-a0-597-gb535b0901c to
                  | 0.26-a0-1164-g1a551d6a14
  3738 | D:6      | Found a sacrificial altar of Ru.
  3779 | D:6      | Reached XP level 8. HP: 67/67 MP: 7/7
  3840 | D:6      | Reached skill level 5 in Fighting
  3848 | D:6      | Found Dyjoer's Distillery.
  3875 | D:6      | Reached skill level 10 in Axes
  4046 | D:6      | Bought a potion of heal wounds for 60 gold pieces
  4046 | D:6      | Bought a potion of curing for 36 gold pieces
  4164 | D:5      | Found a glowing silver altar of Zin.
  4168 | D:5      | Found an iron altar of Okawaru.
  4182 | D:5      | Found a basalt altar of Yredelemnul.
  4187 | D:5      | Became a worshipper of Warmaster Okawaru
  4243 | D:5      | Found Omivomah's Book Boutique.
  4670 | D:6      | Found Gin Boujo's Armour Shoppe.
  4710 | D:6      | Found Soloigog's Antique Weapon Boutique.
  5100 | D:7      | Upgraded the game from 0.26-a0-1164-g1a551d6a14 to
                  | 0.26-a0-1205-g4083c211ab
  5285 | D:7      | Reached skill level 1 in Invocations
  5306 | D:7      | Reached * piety under Okawaru
  5420 | D:7      | Reached XP level 9. HP: 60/75 MP: 9/9
  5576 | D:7      | Found Upubla Kant's Antique Armour Boutique.
  5991 | D:8      | Noticed Pikel
  6004 | D:8      | Killed Pikel
  6004 | D:8      | Reached ** piety under Okawaru
  6011 | D:8      | Noticed Psyche
  6331 | D:8      | Killed Psyche
  6420 | D:8      | Reached *** piety under Okawaru
  6463 | D:8      | Lost intelligence.
  6666 | D:8      | Found a burning altar of Makhleb.
  6666 | D:8      | Noticed a green death
  6860 | D:9      | Noticed a two-headed ogre
  6866 | D:9      | Killed a two-headed ogre
  6866 | D:9      | Reached **** piety under Okawaru
  6867 | D:9      | Reached XP level 10. HP: 62/86 MP: 8/11
  6874 | D:10     | Entered Level 10 of the Dungeon
  6974 | D:9      | Noticed Erica
  6992 | D:9      | Killed Erica
  7706 | D:9      | Found a staircase to the Orcish Mines.
  7816 | D:9      | Found Sunibreo's Distillery.
  7819 | D:9      | Bought a potion of resistance for 110 gold pieces
  7819 | D:9      | Bought a potion of haste for 110 gold pieces
  7819 | D:9      | Bought a potion of heal wounds for 55 gold pieces
  7886 | D:9      | Reached ***** piety under Okawaru
  8053 | D:10     | Found Sosy's Antique Armour Shoppe.
  8387 | D:10     | Found a staircase to the Lair.
  8567 | D:11     | Noticed a two-headed ogre
  8576 | D:11     | Killed a two-headed ogre
  8576 | D:11     | Received a gift from Okawaru
  8587 | D:11     | Reached XP level 11. HP: 81/94 MP: 13/13
  8604 | D:11     | Got a bloodstained scale mail {god gift}
  8617 | D:11     | Identified the +5 scale mail of Vebagg {rF+ rN+ Str+4}
                  | (Okawaru gifted it to you on level 11 of the Dungeon)
  8781 | D:12     | Reached skill level 1 in Evocations
  8797 | D:11     | Noticed Grum
  8800 | D:11     | Killed Grum
  8801 | D:11     | Reached skill level 5 in Invocations
  8889 | D:11     | Found a shadowy altar of Dithmenos.
  8890 | D:11     | Noticed a two-headed ogre
  8896 | D:11     | Killed a two-headed ogre
  8897 | D:11     | Reached skill level 10 in Armour
  9021 | D:11     | Noticed Nergalle
  9033 | D:11     | Killed Nergalle
  9696 | D:12     | Got a crystal flail
  9929 | D:12     | Killed an unseen horror
 10117 | D:12     | Reached skill level 10 in Fighting
 10359 | D:12     | Received a gift from Okawaru
 10514 | D:12     | Found an iron altar of Okawaru.
 10514 | D:12     | Noticed a seven-headed hydra
 10524 | D:12     | Identified the cursed +3 flail "Giantslayer" {vorpal, +Fly
                  | rF+ Dex+3} (You found it on level 12 of the Dungeon)
 10527 | D:12     | Killed a nine-headed hydra
 10537 | D:12     | Reached XP level 12. HP: 43/110 MP: 15/15
 11157 | D:12     | Found an ancient bone altar of Kikubaaqudgha.
 11157 | D:12     | Noticed a vampire mage
 11170 | D:12     | Killed a vampire mage
 11254 | D:12     | Noticed a vampire knight
 11265 | D:12     | Killed a vampire knight
 11849 | D:10     | Bought a fine tower shield for 275 gold pieces
 11859 | D:10     | Identified the +8 tower shield "Utiog" {Rampage rPois rC-
                  | Str+2} (You bought it in a shop on level 10 of the Dungeon)
 12020 | D:13     | Noticed a six-headed hydra
 12026 | D:13     | Killed a six-headed hydra
 12237 | D:13     | Noticed Rupert
 12245 | D:13     | Killed Rupert
 12245 | D:13     | Received a gift from Okawaru
 12248 | D:13     | Got a polished cloak {god gift}
 12261 | D:13     | Identified the +2 cloak of Hubris {+Fly rElec Regen+ Int-5}
                  | (Okawaru gifted it to you on level 13 of the Dungeon)
 12261 | D:13     | Lost intelligence.
 12358 | D:13     | Reached skill level 15 in Axes
 12358 | D:13     | Upgraded the game from 0.26-a0-1205-g4083c211ab to
                  | 0.30-a0-465-g8901f6c8b5
 12386 | D:13     | Identified a scroll of acquirement
 12388 | D:13     | Acquired a manual of Invocations
 12425 | D:13     | Reached XP level 13. HP: 112/125 MP: 17/17
 12467 | D:13     | Found a gate to the Vaults.
 12785 | D:6      | Bought a +1 pair of gloves of hurling for 198 gold pieces
 12951 | Lair:1   | Entered Level 1 of the Lair of Beasts
 12963 | Lair:1   | Reached skill level 15 in Fighting
 12993 | Lair:1   | Noticed Urug
 12996 | Lair:1   | Received a gift from Okawaru
 13003 | Lair:1   | Killed Urug
 13003 | Lair:1   | Reached ****** piety under Okawaru
 13004 | Lair:1   | Reached skill level 5 in Shields
 13810 | Lair:2   | Found a dark tunnel.
 13817 | Volcano  | Entered a volcano
 13954 | Volcano  | Reached skill level 1 in Long Blades
 14652 | Lair:2   | Noticed Harold
 14654 | Lair:2   | Noticed Fannar
 14660 | Lair:2   | Killed Harold
 14661 | Lair:2   | Killed Fannar
 14702 | Lair:2   | Received a gift from Okawaru
 15632 | Lair:3   | Found a staircase to the Snake Pit.
 15633 | Lair:3   | Noticed Kirke
 15761 | Lair:3   | Reached XP level 14. HP: 137/137 MP: 19/19
 16081 | Lair:4   | Found an opulent altar of Gozag.
 16187 | Lair:4   | Found a staircase to the Shoals.
 16249 | Lair:4   | Reached skill level 15 in Armour
 17083 | Lair:5   | Found a staircase to the Slime Pits.
 17095 | Lair:5   | Found a viscous altar of Jiyva.
 17334 | Lair:5   | You fall into a shaft and drop 1 floor!
 17334 | Lair:6   | Entered Level 6 of the Lair of Beasts
 17516 | Lair:5   | Reached skill level 10 in Shields
 17859 | Lair:4   | Identified the +6 demon blade "ETAOIN SHRDLU" {flame,
                  | Contam Str+7 Dex+4} (Okawaru gifted it to you on level 4 of
                  | the Lair of Beasts)
 17859 | Lair:4   | Received a gift from Okawaru
 18550 | Lair:6   | Identified the +4 kite shield of Gimpaim {MP+9} (Okawaru
                  | gifted it to you on level 6 of the Lair of Beasts)
 18550 | Lair:6   | Received a gift from Okawaru
 18769 | Lair:6   | Reached XP level 15. HP: 149/149 MP: 20/20
 19702 | Lair:6   | Identified the ring "Vemaddua" {Fly Stlth+}
 19705 | Lair:6   | Got Sif Muna's Papyrus of the Generative Oath
 20281 | Lair:6   | Got Sif Muna's Precepts of the Altered Rocks
 20311 | Lair:6   | Identified the +7 broad axe "Imosonk" {protect, rF+ Will+}
                  | (Okawaru gifted it to you on level 6 of the Lair of Beasts)
 20311 | Lair:6   | Received a gift from Okawaru
 20599 | Lair:3   | Killed Kirke
 20848 | Lair:3   | Identified the amulet of the Cast Vote {RegenMP rF+ rC+++
                  | Str-2 Int+4}
 21114 | Orc:1    | Entered Level 1 of the Orcish Mines
 21148 | Orc:1    | Found Taoconke's Antique Armour Boutique.
 21260 | Orc:1    | Noticed Sonja
 21270 | Orc:1    | Killed Sonja
 21560 | Orc:2    | Entered Level 2 of the Orcish Mines
 21578 | Orc:2    | Found Feukeorch's Weapon Shop.
 21765 | Orc:2    | Found Goset's General Store.
 21766 | Orc:2    | Found Jaces's Magic Scroll Emporium.
 21808 | Orc:2    | Bought a potion of heal wounds for 75 gold pieces
 22090 | Orc:2    | Received a gift from Okawaru
 22304 | Orc:2    | Found Boumeuvy's Jewellery Boutique.
 22304 | Orc:2    | Found Ipuv's Antique Armour Shop.
 22305 | Orc:2    | Found a one-way gate leading to the halls of Pandemonium.
 22479 | Orc:2    | Found Huemaps's Magic Scroll Boutique.
 22481 | Orc:2    | Bought a scroll of identify for 30 gold pieces
 22481 | Orc:2    | Bought a scroll of identify for 30 gold pieces
 22481 | Orc:2    | Bought a scroll of magic mapping for 112 gold pieces
 22481 | Orc:2    | Bought a scroll of teleportation for 45 gold pieces
 22494 | Orc:2    | Found a staircase to the Elven Halls.
 22548 | Orc:2    | Reached XP level 16. HP: 160/160 MP: 21/21
 22609 | Orc:2    | Noticed Snorg
 22625 | Orc:2    | Killed Snorg
 22866 | Orc:2    | Found Tingi's Weapon Shop.
 22979 | Orc:1    | Bought a twisted hat for 198 gold pieces
 22979 | Orc:1    | Identified the +1 hat "Qoupn" {Rampage MP+9 Str-3 Dex+9}
                  | (You bought it in a shop on level 1 of the Orcish Mines)
 23229 | Shoals:1 | Entered Level 1 of the Shoals
 23281 | Shoals:1 | Noticed a kraken
 23302 | Shoals:1 | Killed a kraken
 23653 | Shoals:1 | Received a gift from Okawaru
 24295 | Shoals:1 | Identified the ring of Fote {rC+ Str+5}
 24454 | Shoals:2 | Found a runed translucent gate.
 24458 | Shoals:2 | Found a runed translucent gate.
 24459 | Shoals:2 | Found a runed translucent gate.
 24461 | Shoals:2 | Noticed Kefraoll's ghost (adept BaCj)
 24587 | Shoals:2 | Found Abluam Olab's Antique Armour Emporium.
 24878 | Shoals:2 | Identified the +9 hand axe "Cozilu" {pain, rN+ MP+9 Dex-5}
                  | (Okawaru gifted it to you on level 2 of the Shoals)
 24878 | Shoals:2 | Received a gift from Okawaru
 24903 | Shoals:2 | Found Kitolol's Firing Range.
 25111 | Shoals:2 | Identified Roxanne's Directory of Metal
 25111 | Shoals:2 | Noticed Roxanne
 25127 | Shoals:2 | Noticed Polyphemus
 25138 | Shoals:2 | Killed Polyphemus
 25759 | Shoals:3 | Received a gift from Okawaru
 26322 | Shoals:4 | Entered Level 4 of the Shoals
 26453 | Shoals:4 | Noticed a kraken
 26468 | Shoals:4 | Killed a kraken
 26515 | Shoals:4 | Identified the +4 shortbow "Fienel" {flame, MP+9 Int+4
                  | Dex+4}
 26520 | Shoals:4 | Noticed a kraken
 26536 | Shoals:4 | Killed a kraken
 26665 | Shoals:4 | Reached skill level 15 in Shields
 26671 | Shoals:4 | Noticed Louise
 26702 | Shoals:4 | Killed Louise
 26723 | Shoals:4 | Reached XP level 17. HP: 164/172 MP: 23/23
 26893 | Shoals:4 | Got a barnacled rune of Zot
 26935 | Shoals:4 | Received a gift from Okawaru
 26939 | Shoals:4 | Found Bebb's Distillery.
 26947 | Shoals:4 | Bought a potion of curing for 42 gold pieces
 26947 | Shoals:4 | Bought a potion of haste for 140 gold pieces
 26947 | Shoals:4 | Bought a potion of heal wounds for 70 gold pieces
 27205 | Shoals:4 | Noticed Donald
 27223 | Shoals:4 | Killed Donald
 27269 | Shoals:4 | Identified the ring of Oneax {rF+ Will++ Int+4}
 27286 | Shoals:4 | Found the +11 plutonium sword {Contam Stlth-}
 27707 | Snake:1  | Entered Level 1 of the Snake Pit
 27882 | Snake:1  | Found Rankaos's Antique Weapon Shoppe.
 27887 | Snake:1  | Found Eqam's Antique Weapon Shoppe.
 27911 | Snake:1  | Noticed Aizul
 27921 | Snake:1  | Killed Aizul
 28295 | Snake:1  | Noticed Nikola
 28307 | Snake:1  | Killed Nikola
 28372 | Snake:1  | Received a gift from Okawaru
 30484 | Snake:3  | Reached XP level 18. HP: 185/185 MP: 24/24
 31100 | Snake:4  | Entered Level 4 of the Snake Pit
 31196 | Snake:4  | Noticed Mara
 31197 | Snake:4  | Noticed gohu's illusion
 31232 | Snake:4  | Killed Mara
 31407 | Snake:4  | Received a gift from Okawaru
 31439 | Snake:4  | Identified the +1 ring mail of Gyblame {rF+ rC+ Str-5
                  | Stlth+}
 31580 | Snake:4  | Noticed Saint Roka
 31607 | Snake:4  | Killed Saint Roka
 31612 | Snake:4  | Received a gift from Okawaru
 31873 | Snake:4  | Identified the +6 scale mail of Dithmenos's Grace {Will+}
 32030 | Snake:4  | Got a serpentine rune of Zot
 32956 | D:13     | Reached skill level 10 in Invocations
 34220 | D:15     | Entered Level 15 of the Dungeon
 34269 | D:15     | Noticed Azrael
 34291 | D:15     | Killed Azrael
 34512 | D:15     | Received a gift from Okawaru
 34567 | D:15     | Noticed Jorgrun
 34578 | D:15     | Killed Jorgrun
 34668 | D:15     | Found a staircase to the Depths.
 35041 | Vaults:1 | Entered Level 1 of the Vaults
 35065 | Vaults:1 | Found a magical portal.
 35079 | WizLab   | Entered Cigotuvi's Fleshworks
 35157 | WizLab   | Reached XP level 19. HP: 196/196 MP: 17/17
 35157 | WizLab   | Gained mutation: Your body sometimes deteriorates upon
                  | taking damage. [mutagenic glow]
 35299 | WizLab   | Got Cigotuvi's Book of Changing and Wicked Rites
 35561 | WizLab   | Paralysed by a floating eye for 3 turns
 35578 | WizLab   | Paralysed by a floating eye for 4 turns
 35597 | WizLab   | Found the -2 hat of the Alchemist {rElec rPois rF+ rC+ rN+
                  | Will+ rMut rCorr}
 35669 | WizLab   | Paralysed by a floating eye for 2 turns
 35678 | WizLab   | Paralysed by a floating eye for 4 turns
 36138 | Vaults:1 | Identified the +6 war axe of Irre {drain, rPois Will+}
                  | (Okawaru gifted it to you on level 1 of the Vaults)
 36138 | Vaults:1 | Received a gift from Okawaru
 36590 | Vaults:1 | Found a portal to a secret trove of treasure.
 36667 | Vaults:1 | Received a gift from Okawaru
 36728 | Vaults:1 | Identified the +0 hat "Kilauxyb" {rElec rN+ MP-9 Dex+2}
                  | (Okawaru gifted it to you on level 1 of the Vaults)
 36728 | Vaults:1 | Received a gift from Okawaru
 37492 | Vaults:2 | Reached XP level 20. HP: 210/210 MP: 26/26
 38039 | Vaults:2 | Received a gift from Okawaru
 38561 | Vaults:2 | Upgraded the game from 0.30-a0-465-g8901f6c8b5 to
                  | 0.30-a0-475-g03497ec522
 38653 | Vaults:3 | Found a crumbling gateway.
 38668 | Desolati | Entered the Desolation of Salt
 38805 | Desolati | Got the Spellbook of Conjury
 38824 | Desolati | Identified the +5 shortbow of the Viper {speed, Str+2}
 39128 | Desolati | Identified the amulet "Upratz" {Faith rElec Will+ SInv}
 39149 | Desolati | Found the +5 scythe "Finisher" {speed, eviscerate}
 39176 | Desolati | Got Ereshkigal's Tome of Black Secrets
 39196 | Desolati | Got the Collected Works on Scorching Terra Firma
 39200 | Desolati | Got the Commentary on Transforming Imprecation
 39266 | Desolati | Identified the +1 crystal plate armour "Namoh" {rPois rF+
                  | rCorr Int+2} (Okawaru gifted it to you in the Desolation of
                  | Salt)
 39266 | Desolati | Received a gift from Okawaru
 39280 | Desolati | Identified the amulet "Peargh" {Acrobat +Inv Str+3}
 39589 | Vaults:3 | Noticed Zenata
 39609 | Vaults:3 | Killed Zenata
 39801 | Vaults:3 | You are sucked into a shaft and drop 1 floor!
 39801 | Vaults:4 | Found Suzec's Distillery.
 39814 | Vaults:4 | Bought a potion of haste for 180 gold pieces
 39814 | Vaults:4 | Bought a potion of haste for 180 gold pieces
 39814 | Vaults:4 | Bought a potion of heal wounds for 90 gold pieces
 40039 | Vaults:4 | Reached XP level 21. HP: 222/222 MP: 27/27
 40086 | Vaults:3 | Found Valyek's Antique Armour Shop.
 40391 | Vaults:3 | Identified the +7 double sword of Perfectionism {holy,
                  | rPois rF+ Str+2} (Okawaru gifted it to you on level 3 of
                  | the Vaults)
 40391 | Vaults:3 | Received a gift from Okawaru
 40505 | Vaults:3 | Noticed Bai Suzhen
 40516 | Vaults:3 | Killed Bai Suzhen
 40842 | Vaults:3 | Found a staircase to the Crypt.
 42100 | Slime:1  | Entered Level 1 of the Pits of Slime
 42113 | Slime:1  | Reached skill level 27 in Fighting
 42175 | Slime:1  | Identified the +9 hand axe "Naituffo" {vorpal, rF+++ Will++
                  | Dex-3} (Okawaru gifted it to you on level 1 of the Pits of
                  | Slime)
 42175 | Slime:1  | Received a gift from Okawaru
 42665 | Slime:2  | You are sucked into a shaft and drop 2 floors!
 42736 | Slime:5  | Entered Level 5 of the Pits of Slime
 43019 | Slime:5  | Noticed the Royal Jelly
 43038 | Slime:5  | Killed the Royal Jelly
 43038 | Slime:5  | Received a gift from Okawaru
 43066 | Slime:5  | Gained mutation: You sometimes lose your temper in combat.
                  | [a shining eye]
 43162 | Slime:4  | Lost mutation: Your body sometimes deteriorates upon taking
                  | damage. [potion of mutation]
 43162 | Slime:4  | Lost mutation: You sometimes lose your temper in combat.
                  | [potion of mutation]
 43162 | Slime:4  | Gained mutation: You have a somewhat thin skeletal
                  | structure. (Dex +2, Stealth+) [potion of mutation]
 43162 | Slime:4  | Gained mutation: You are somewhat resistant to further
                  | mutation. [potion of mutation]
 43205 | Slime:4  | Gained mutation: Your spells are a little easier to cast,
                  | but a little less powerful. [a shining eye]
 43554 | Slime:5  | Reached XP level 22. HP: 219/233 MP: 28/28
 43582 | Slime:5  | Got a slimy rune of Zot
 43593 | Slime:5  | Identified the +0 robe "Dadeum" {*Slow rC+++ Dex+4}
 43634 | Slime:5  | Got the Omnibus of the Hierophant
 43646 | Slime:5  | Identified the ring "Lavvegoe" {rC++ Int+6}
 43669 | Slime:5  | Got Huc Fain's Discursus on Amorphous Jinxing
 43988 | Elf:1    | Entered Level 1 of the Elven Halls
 44238 | Elf:1    | Identified the +2 cloak of the Orb Guardian {rElec rC+++
                  | Will- Dex-2} (Okawaru gifted it to you on level 1 of the
                  | Elven Halls)
 44238 | Elf:1    | Received a gift from Okawaru
 44578 | Elf:1    | Paralysed by an air elemental for 1 turns
 44879 | Elf:2    | Got the Writings on Heated Convocation
 45030 | Elf:2    | Found Pemp's Assorted Antiques.
 45351 | Elf:2    | Found a runed translucent gate.
 45352 | Elf:2    | Found a runed translucent gate.
 45352 | Elf:2    | Found a runed translucent gate.
 45727 | Elf:2    | Received a gift from Okawaru
 45980 | Elf:3    | Entered Level 3 of the Elven Halls
 46031 | Elf:3    | Received a gift from Okawaru
 46048 | Elf:3    | Found Ruiclan's Antique Armour Shoppe.
 46118 | Elf:3    | Found Duily's Book Shop.
 46198 | Elf:3    | Found Itisomm's Book Emporium.
 46487 | Elf:3    | Reached XP level 23. HP: 164/240 MP: 29/29
 46625 | Elf:3    | Identified the +10 glaive "Gyocaf" {venom, +Blink}
 46650 | Elf:3    | Identified the +5 halberd of the Whelk {speed, rN+}
 46650 | Elf:3    | Identified the ring of Atumio {rElec rPois Str+6}
 46678 | Elf:3    | Identified the +0 leather armour "Xamm" {Stlth+}
 46680 | Elf:3    | Got the Handbook of Violent Changing
 46688 | Elf:3    | Identified the +0 helmet "Oguiwes" {rElec}
 46697 | Elf:3    | Got Hanakoon's Disquisition on the Pyre
 46706 | Elf:3    | Identified the +4 scimitar of the Final Decision {drain,
                  | *Rage rN+ Int+6}
 46739 | Elf:3    | Got Daja's Grimoire of Imprecation and Dislocation
 46742 | Elf:3    | Identified the +0 mace "Gorricwe" {drain, rPois rN+ Dex-2}
 46751 | Elf:3    | Got the Secrets of the Welkin
 47068 | Elf:3    | Found Omew's Armour Shop.
 47452 | Vaults:5 | Entered Level 5 of the Vaults
 47460 | Vaults:5 | Reached skill level 1 in Dodging
 47532 | Vaults:5 | Reached skill level 5 in Dodging
 47537 | Vaults:5 | Reached skill level 1 in Ranged Weapons
 47562 | Vaults:5 | Received a gift from Okawaru
 47678 | Vaults:5 | Reached skill level 1 in Staves
 47865 | Vaults:5 | Noticed a dread lich
 47891 | Vaults:5 | Killed a dread lich
 47892 | Vaults:5 | Reached skill level 1 in Hexes
 47901 | Vaults:5 | Reached skill level 1 in Air Magic
 47932 | Vaults:5 | Reached skill level 1 in Summonings
 48050 | Vaults:5 | Reached skill level 1 in Conjurations
 48066 | Vaults:5 | Reached skill level 1 in Earth Magic
 48124 | Vaults:5 | Received a gift from Okawaru
 48324 | Vaults:5 | Reached skill level 10 in Dodging
 48329 | Vaults:5 | Reached skill level 1 in Poison Magic
 48334 | Vaults:5 | Reached skill level 1 in Fire Magic
 48404 | Vaults:5 | Identified the +7 glaive of Feyr {vorpal, MP+9}
 48407 | Vaults:5 | Reached skill level 1 in Necromancy
 48431 | Vaults:5 | Reached skill level 1 in Translocations
 48757 | Vaults:5 | Got a silver rune of Zot
 48893 | Vaults:5 | Identified the +4 flail "Aphiarph" {vorpal, rC+}
 48970 | Vaults:5 | Reached skill level 1 in Ice Magic
 49095 | Vaults:5 | Reached XP level 24. HP: 221/230 MP: 29/29
 49771 | Depths:1 | Entered Level 1 of the Depths
 49966 | Depths:1 | Received a gift from Okawaru
 50119 | Depths:1 | Found a one-way gateway to a ziggurat.
 50189 | Depths:1 | Reached skill level 1 in Transmutations
 50226 | Depths:1 | Found a snail-covered altar of Cheibriados.
 50512 | Depths:1 | Noticed a dread lich
 50654 | Depths:1 | Killed a dread lich
 50747 | Depths:1 | Got the Compilation of the Fisher
 50784 | Depths:1 | Found Haedec's Jewellery Emporium.
 50785 | Depths:1 | Found Oruxuj's Book Boutique.
 50787 | Depths:1 | Found Uviaqeen's Jewellery Emporium.
 50869 | Depths:1 | You are sucked into a shaft and drop 1 floor!
 51091 | Depths:1 | Received a gift from Okawaru
 51106 | Depths:1 | Found a gateway to Hell.
 51472 | Depths:2 | Reached skill level 15 in Dodging
 51505 | Depths:2 | Identified the +9 great mace of Trial by Ordeal {vorpal,
                  | +Blink rC++ rN+ Str-5}
 51758 | Depths:2 | Identified the +1 scale mail of the Soft God {rPois MP+9}
 51870 | Depths:2 | Identified the ring "Gedycuab" {rF+ Str+6 Dex+3}
 51975 | Depths:2 | Noticed a juggernaut
 51997 | Depths:2 | Killed a juggernaut
 52656 | Depths:3 | Noticed the Enchantress
 52663 | Depths:3 | Reached XP level 25. HP: 244/257 MP: 29/29
 52681 | Abyss:3  | Cast into level 3 of the Abyss (the Enchantress)
 52755 | Abyss:3  | Received a gift from Okawaru
 53094 | Abyss:3  | Learned a level 2 spell: Blink
 53097 | Abyss:3  | Learned a level 2 spell: Passwall
 53195 | Abyss:3  | Received a gift from Okawaru
 53218 | Abyss:3  | Got an abyssal rune of Zot
 53247 | Depths:3 | Escaped the Abyss
 53268 | Depths:3 | Killed the Enchantress
 53631 | Depths:3 | Found a runed door.
 53706 | Depths:3 | Found a corrupted altar of Lugonu.
 53706 | Depths:3 | Found a one-way gate to the infinite horrors of the Abyss.
 53945 | Depths:3 | Noticed a juggernaut
 53957 | Depths:3 | Killed a juggernaut
 54123 | Depths:3 | Found a runed translucent gate.
 54124 | Depths:3 | Found a runed translucent gate.
 54124 | Depths:3 | Found an opulent altar of Gozag.
 54124 | Depths:3 | Found a runed translucent gate.
 54126 | Depths:3 | Noticed Puodgh's ghost (adept MfGl)
 54127 | Depths:3 | Found Ovvy Dont's Assorted Antiques.
 54206 | Depths:3 | Identified the +6 scale mail of Kehouwn {Contam Rampage
                  | rPois rN+}
 54381 | Depths:3 | Identified the +5 battleaxe of Cataclysm {speed, Str+6
                  | Dex-2} (Okawaru gifted it to you on level 3 of the Depths)
 54381 | Depths:3 | Received a gift from Okawaru
 54395 | Depths:3 | Noticed an ancient lich
 54400 | Depths:3 | Identified the +5 quarterstaff "Puutaeti" {flame, Will+}
 54407 | Depths:3 | Killed an ancient lich
 54417 | Depths:3 | Acquired 1165 gold pieces
 54433 | Depths:3 | Acquired a +0 vampiric broad axe
 54448 | Depths:3 | Found the +8 storm bow {elec, penet}
 54459 | Depths:3 | Identified the +1 cloak of the Ferocious God {rElec rPois
                  | Str-5 Int+8}
 54587 | Depths:4 | Found a gate to the Realm of Zot.
 55871 | Vaults:1 | You paid a toll of a +6 demon trident to enter a treasure
                  | trove
 55872 | Trove    | Entered a treasure trove
 55876 | Trove    | Identified the +5 crystal plate armour of Jaing {Harm Drain
                  | +Blink Int+4}
 55877 | Trove    | Identified the +3 pair of gloves of Dogmatism {*Slow rN+
                  | Str+3 Slay+2}
 55879 | Trove    | Identified the +6 plate armour of the Hall of Blades {*Slow
                  | Will+++ SInv Stlth+}
 55880 | Trove    | Identified the +5 tower shield of Ibelog {rC++ Dex+3}
 55882 | Trove    | Identified the +1 hat of Pathos {Rampage rC- Regen+ Int+10}
 55888 | Trove    | Identified the +7 chain mail of the Garden {*Slow rPois rC+
                  | rN+}
 55892 | Trove    | Identified the +1 chain mail of the Shore {rElec Int+3}
 56294 | Depths:4 | Received a gift from Okawaru
 56436 | Depths:4 | Found a runed translucent gate.
 56436 | Depths:4 | Found a runed translucent gate.
 56436 | Depths:4 | Found a runed translucent gate.
 56437 | Depths:4 | Found an ancient bone altar of Kikubaaqudgha.
 56437 | Depths:4 | Noticed a dread lich
 56437 | Depths:4 | Noticed Unolod's ghost (adept MiBe)
 56438 | Depths:4 | Noticed a dread lich
 56510 | Depths:4 | Noticed an ancient lich
 56520 | Depths:4 | Killed an ancient lich
 56530 | Depths:4 | Found a blossoming altar of Fedhas.
 56847 | Depths:5 | Entered Level 5 of the Depths
 56936 | Depths:5 | Reached XP level 26. HP: 255/266 MP: 32/32
 56947 | Depths:5 | Found Taveff's Magic Scroll Shoppe.
 56958 | Depths:5 | Bought a scroll of teleportation for 63 gold pieces
 56958 | Depths:5 | Bought a scroll of teleportation for 63 gold pieces
 57016 | Depths:5 | Found Lygoohai's Weapon Shoppe.
 57063 | Depths:5 | Found Jenweiqozu's Assorted Antiques.
 57066 | Depths:5 | Bought a scroll of enchant armour for 330 gold pieces
 57066 | Depths:5 | Bought a potion of curing for 132 gold pieces
 57788 | Depths:5 | Found a gate to the Realm of Zot.
 57871 | Depths:5 | Upgraded the game from 0.30-a0-475-g03497ec522 to
                  | 0.30-a0-476-g330ca2eb8e
 57926 | Zot:1    | Entered Level 1 of the Realm of Zot
 58067 | Zot:1    | Reached skill level 1 in Throwing
 58098 | Zot:1    | Reached skill level 27 in Shields
 58531 | Zot:1    | Reached skill level 5 in Throwing
 58553 | Zot:1    | Received a gift from Okawaru
 59022 | Zot:2    | Identified the +6 long sword "Tuelyqil" {elec, rC+}
 59178 | Zot:2    | Noticed an orb of fire
 59192 | Zot:2    | Killed an orb of fire
 59192 | Zot:2    | Received a gift from Okawaru
 59289 | Zot:2    | Received a gift from Okawaru
 59316 | Zot:2    | Reached skill level 27 in Axes
 59330 | Zot:2    | Identified the +1 chain mail of the Monkey's Uncle {Int-2
                  | Dex+4 SInv} (Okawaru gifted it to you on level 2 of the
                  | Realm of Zot)
 59330 | Zot:2    | Received a gift from Okawaru
 59952 | Zot:2    | Identified the +6 long sword of Ash {freeze, rPois Str+3}
 60151 | Zot:3    | Reached XP level 27. HP: 253/273 MP: 33/33
 60645 | Zot:3    | You are sucked into a shaft and drop 1 floor!
 60846 | Zot:3    | Noticed a dread lich
 60862 | Zot:3    | Killed a dread lich
 60881 | Zot:3    | Got the Excursus on Fog
 61472 | Zot:4    | Noticed an orb of fire
 61489 | Zot:4    | Killed an orb of fire
 61490 | Zot:4    | Reached skill level 10 in Throwing
 61887 | Zot:5    | Entered Level 5 of the Realm of Zot
 62049 | Zot:5    | Identified the +11 broad axe of True Grit {speed, rC+
                  | Str+3} (Okawaru gifted it to you on level 5 of the Realm of
                  | Zot)
 62049 | Zot:5    | Received a gift from Okawaru
 62428 | Zot:5    | Noticed a dread lich
 62446 | Zot:5    | Noticed a dread lich
 62461 | Zot:5    | Killed a dread lich
 62474 | Zot:5    | Killed a dread lich
 62701 | Zot:5    | Reached skill level 27 in Armour
 62710 | Zot:5    | Noticed an orb of fire
 62727 | Zot:5    | Killed an orb of fire
 62739 | Zot:5    | Reached skill level 5 in Staves
 62785 | Zot:5    | Received a gift from Okawaru
 62991 | Zot:5    | Noticed a dread lich
 63031 | Zot:5    | Killed a dread lich
 63031 | Zot:5    | Received a gift from Okawaru
 63032 | Zot:5    | Reached skill level 15 in Invocations
 63034 | Zot:5    | Noticed an orb of fire
 63055 | Zot:5    | Killed an orb of fire
 63083 | Zot:5    | Noticed an orb of fire
 63096 | Zot:5    | Killed an orb of fire
 63111 | Zot:5    | Noticed an orb of fire
 63131 | Zot:5    | Killed an orb of fire
 63147 | Zot:5    | Received a gift from Okawaru
 63395 | Zot:5    | Got the Orb of Zot
 64052 | D:$      | Escaped with the Orb!

Illustrated notes

Levels and vault maps discovered:
D:1:      roderic_crop_circles_arrival_small, layout_loops_corners, st_stairs_2,
          hangedman_decor_diamond_cutter, ashenzari_altar_1
D:2:      minmay_wonky_spiral, layout_loops_ring, serial_forest,
          infiniplex_forest_clump_tiny, infiniplex_forest_clump_double,
          infiniplex_forest_clump_curved, infiniplex_forest_lined_2,
          infiniplex_forest_3_way, infiniplex_forest_lined_ring,
          infiniplex_forest_clump_cross, infiniplex_forest_corner_1,
          infiniplex_forest_straight_5
D:3:      layout_rooms, lemuel_crystal_altar, yredelemnul_altar_generic
D:4:      layout_rooms, xom_confusion_cloud
D:5:      layout_cave_pools, minmay_overflow_temple_star_quad, serial_shops,
          nicolae_shop_behind_doors, st_stairs_10, uniq_sigmund
D:6:      layout_loops_ring, kennysheep_mini_moat, minmay_temple_entry_waves,
          serial_shops, nicolae_shop_waterfront, nicolae_shop_behind_doors,
          shop, nrook_campfire
D:7:      layout_gridville, serial_shops, shop
D:8:      layout_basic, serial_glass, glass_columns_c, glass_columns_c,
          minmay_strange_pillars, unseen_surprise_small, due_unseen_surprise,
          feat_on_display, makhleb_altar_promises_db, uniq_pikel, uniq_psyche
D:9:      layout_roguey, orc_0_dummy, serial_shops, kennysheep_mini, uniq_erica
D:10:     layout_cave_pools, grunt_lair_entry_orc_guard_hut, serial_shops, shop
D:11:     layout_layer_cave, grunt_dithmenos_smoke, uniq_nergalle, uniq_grum
D:12:     lemuel_vampire_tower, layout_basic, minmay_ruined_shrine
D:13:     layout_basic, grunt_vaults_entry_tiered, einodemon_barbed_minivault,
          uniq_rupert
D:14:     minmay_goldmine, layout_basic, solitary_fountain,
          minmay_hollow_rounded_squares
D:15:     grunt_enter_depths_magical_seal, layout_basic, serial_park_square3
          [serial_park_minivault_5x5_3], uniq_jorgrun, uniq_azrael
Temple:   regret_index_temple_sphere_string
Lair:1:   layout_cave_shapes, uniq_urug
Lair:2:   layout_regular_city, nicolae_volcano_entry_hallway, lemuel_fruit_tree,
          uniq_harold, uniq_fannar
Lair:3:   layout_small_grid, dummy_snake_entry, uniq_kirke
Lair:4:   layout_cave_pods, minmay_shoals_entry_centaurs, basic_altar,
          grunt_megastairs_1
Lair:5:   layout_roguey, minmay_slime_entry_jelly_boxes, grunt_megastairs_3
Lair:6:   due_jungle_book, layout_regular_city, chequers_serial_rivers_micro_b
Shoals:1: layout_shoals, nicolae_shoals_spring_well_temple
Shoals:2: layout_shoals, gammafunk_ghost_split, serial_shops,
          nicolae_shop_temple_entry_statues_fountains,
          nicolae_shop_firing_range, uniq_polyphemus, uniq_roxanne
Shoals:3: layout_shoals
Shoals:4: shoals_end_simple, layout_shoals, serial_shops, shop, uniq_donald,
          uniq_louise
Snake:1:  layout_honeycomb, minmay_shop_star, uniq_nikola, uniq_aizul
Snake:2:  layout_chambers, nicolae_integral_box
Snake:3:  layout_chambers
Snake:4:  hellmonk_snake_rune_quicksilver_temple, layout_cave_town, drop_trap,
          serial_bayou_shore_a, serial_bayou_shore_b, grunt_megastairs_2,
          uniq_saint_roka, uniq_mara
Slime:1:  layout_caves, nicolae_slime_phagocytosis
Slime:2:  layout_caves
Slime:3:  layout_caves, nicolae_slime_barrier
Slime:4:  layout_caves
Slime:5
Orc:1:    layout_diamond_mine, serial_shops, nicolae_shop_behind_doors,
          basic_altar, uniq_sonja
Orc:2:    pf_orc_diabolical, layout_caves, serial_shops,
          nicolae_shop_bloodbath_and_beyond, shop, nicolae_shop_hallway_stairs,
          uniq_snorg
Elf:1:    elf_arrival_002, layout_geoelf_octagon, special_room
          [special_room_mythical_zoo], minmay_elf_demonology,
          lemuel_upstairs_altar
Elf:2:    nicolae_elf_blades_crystal_corner, layout_onion_city, serial_shops,
          shop, grunt_ministairs_10, minmay_misc_feat_cross,
          hellmonk_bongcloud_opening, amcnicky_mini_rare_corridor_liquid,
          kilobyte_mutagenic_chamber
Elf:3:    minmay_elf_hall, layout_loops_ring, serial_shops,
          nicolae_shop_hallway_stairs, nicolae_shop_behind_doors,
          shop_fountains, nicolae_shop_behind_doors
Vaults:1: infiniplex_enter_wizlab_glasses, v_misc_30, v_alt_pattern_6,
          hangedman_vaults_river_flow, v_alt_pattern_2,
          vaults_standard_mumra_lines, dpeg_vaults_monster_row,
          vaults_room_large_hall, ontoclasm_vaults_water_temple,
          nicolae_vaults_little_squares_4, nicolae_vaults_little_squares_5,
          ontoclasm_vaults_twist, layout_vaults_maze_snakey, enter_trove_2
Vaults:2: vaults_room_pools, v_misc_30, ontoclasm_vaults_spin,
          nicolae_vaults_what_the_h, ontoclasm_vaults_loading_screen,
          nicolae_vaults_network_star, ontoclasm_vaults_shuriken,
          vaults_mumra_chevron, v_pattern_1, vaults_room_fours,
          layout_vaults_quadrants
Vaults:3: portal_desolation_entry_ruin, nicolae_vaults_network_periphery,
          hangedman_vaults_restitches, vaults_room_grid,
          minmay_crypt_entry_skeletal_spiral, nicolae_vaults_specimen_jars,
          layout_vaults_big_room, serial_shops, shop, uniq_zenata,
          uniq_bai_suzhen
Vaults:4: v_alt_pattern_2, nicolae_vaults_alarming, vaults_room_pools,
          vaults_standard_mumra_x, vaults_dpeg_diagonal,
          nicolae_vaults_sealed_display, v_misc_19, v_misc_31,
          grunt_vaults_hallway_short, hangedman_vaults_corner, v_misc_24,
          nicolae_vaults_little_squares_6, layout_vaults_omnibox, serial_shops,
          nicolae_shop_advertising_works [nicolae_subvault_shop_adworks]
Vaults:5: serial_shops
Depths:1: layout_roguey [special_room_morgue], enter_ziggurat_f,
          grunt_metal_band, cheibriados_altar_1, kilobyte_rumbling_trees,
          grunt_megastairs_5, serial_bayou_shore_b, minmay_shop_grove
Depths:2: nzn_winding_woodlands_large [nzn_winding_woodlands_5x5_open_star,
          nzn_winding_woodlands_5x15_jagged, nzn_winding_woodlands_5x5_three,
          nzn_winding_woodlands_center_pierced_h,
          nzn_winding_woodlands_15x15_boxy_spiral,
          nzn_winding_woodlands_center_garden,
          nzn_winding_woodlands_5x5_default, nzn_winding_woodlands_5x15_pockets,
          nzn_winding_woodlands_hourglass], layout_gridlike,
          rand_demon_pan_entry_5, hangedman_coc_ice_floe, minmay_door_square,
          infiniplex_staircase_pillars_1
Depths:3: evilmike_wizard_prison, layout_gridville, hangedman_tar_grid_catacomb,
          grunt_pan_entry_in_and_out, ebering_ghost_gozag, minmay_crystal_water,
          abyss_entry_flame_altar, kennysheep_nondecorative_pillar,
          uniq_enchantress
Depths:4: minmay_the_grid_triangle_9x9_recursive_3_mashed
          [minmay_the_grid_triangle_9x9_corruption,
          minmay_the_grid_triangle_9x9_empty,
          minmay_the_grid_triangle_9x9_shrine,
          minmay_the_grid_triangle_9x9_prize_schism,
          minmay_the_grid_triangle_9x9_skeleton,
          minmay_the_grid_triangle_9x9_longest,
          minmay_the_grid_triangle_9x9_steps,
          minmay_the_grid_triangle_9x9_empty,
          minmay_the_grid_triangle_9x9_alien], layout_cave_pools,
          gammafunk_ghost_crypt, serial_rivers, chequers_serial_rivers_micro_c,
          chequers_serial_rivers_micro_d, chequers_serial_rivers_micro_d,
          chequers_serial_rivers_small_3, pf_vacation_house_of_asmodeus,
          abyss_entry, grunt_ministairs_12, infiniplex_staircase_zigzag_3
Depths:5: evilmike_zot_entry_round, layout_honeycomb, hell_entry,
          minmay_hedge_maze, serial_shops, shop, shop,
          nicolae_shop_behind_doors, serial_sigils_hangedman_confine
Zot:1:    grunt_zot_stairs_faceoff, layout_misc_corridors, grunt_ministairs_9
Zot:2:    layout_misc_corridors, grunt_megastairs_4
Zot:3:    layout_misc_corridors, lemuel_lich_library
Zot:4:    layout_misc_corridors
Zot:5:    layout_gridlike, hangedman_zot_diagonal_lockstep, lemuel_golem_globe

Skill      XL: |  1  2  3  4  5  6  7  8  9 10 11 12 13 14 15 16 17 18 19 20 21 22 23 24 25 26 27 |
---------------+----------------------------------------------------------------------------------+-----
Armour         | 4 5 6 7 8 9 11 13 14 15 16 17 18 19 20 21 22 23 24 27 | 27.0
Fighting       | 4 6 7 8 11 14 16 18 19 20 22 23 25 26 27 | 27.0
Axes           | 3 5 6 8 9 11 13 14 15 16 18 19 20 21 22 23 25 27 | 27.0
Invocations    | 1 3 4 6 7 8 9 10 13 14 17 | 17.5
Evocations     | 1 |  1.7
Shields        | 4 8 11 13 15 17 18 19 20 22 24 26 27 | 27.0
Long Blades    | 1 3 4 |  4.5
Dodging        | 11 17 18 | 18.1
Ranged Weapons | 2 3 |  3.2
Staves         | 2 3 4 6 |  6.2
Hexes          | 1 2 |  2.4
Air Magic      | 1 2 |  2.0
Summonings     | 1 2 |  2.4
Conjurations   | 1 2 |  2.2
Earth Magic    | 1 |  1.9
Poison Magic   | 1 |  1.9
Fire Magic     | 1 |  1.9
Necromancy     | 1 2 |  2.4
Translocations | 1 2 |  2.1
Ice Magic      | 1 |  1.9
Transmutations | 1 |  1.6
Throwing       | 7 10 | 10.5

Action                   |  1- 3 |  4- 6 |  7- 9 | 10-12 | 13-15 | 16-18 | 19-21 | 22-24 | 25-27 || total
-------------------------+-------+-------+-------+-------+-------+-------+-------+-------+-------++-------
Melee: War axe           |    70 |   154 |   190 |   411 |   664 |       |       |       |       ||  1489
       Headbutt          |     8 |    17 |    42 |   104 |   276 |   536 |   544 |   636 |   640 ||  2803
       Flail             |       |       |       |    13 |    97 |       |       |       |       ||   110
       Unarmed           |       |       |       |       |    12 |       |       |       |       ||    12
       Scimitar          |       |       |       |       |    52 |     4 |       |       |       ||    56
       Broad axe         |       |       |       |       |   279 |  1739 |  1735 |  1856 |  1888 ||  7497
Throw: Dart              |       |     6 |     3 |       |       |       |       |       |       ||     9
       Javelin           |       |       |       |       |       |     1 |       |       |    42 ||    43
Invok: Heroism           |       |       |     2 |     8 |    22 |    12 |     4 |     9 |    14 ||    71
       Finesse           |       |       |       |     2 |     7 |     9 |     6 |     5 |    10 ||    39
Evoke: Wand              |       |       |     6 |     7 |     8 |       |       |       |     2 ||    23
  Use: Potion            |       |     1 |     5 |       |       |       |     2 |     2 |       ||    10
       Scroll            |       |       |    14 |     8 |     6 |     4 |     7 |     3 |     9 ||    51
Armor: Chain mail        |    36 |    77 |    71 |    34 |       |       |       |       |       ||   218
       Scale mail        |       |       |       |   130 |     5 |       |       |       |       ||   135
       Plate armour      |       |       |       |       |   414 |    34 |       |       |       ||   448
       Crystal plate arm |       |       |       |       |       |   514 |   678 |   536 |   514 ||  2242
Dodge: Dodged            |    19 |    32 |    39 |    77 |   162 |   128 |   156 |   215 |   354 ||  1182
Block: Kite shield       |    43 |    76 |    67 |   128 |       |       |       |       |       ||   314
       Tower shield      |       |       |       |    77 |  1136 |  1823 |  1750 |  1709 |  1693 ||  8188

Table legend: (Time is in decaauts)
 A = Elapsed time spent in this place.
 B = Non-inter-level travel time spent in this place.
 C = Inter-level travel time spent in this place.
 D = Time resting spent in this place.
 E = Time spent auto-exploring this place.
 F = Levels seen in this place.
 G = Mean time per level.
                   A        B        C        D        E       F      G
               +--------+--------+--------+--------+--------+-----+--------+
         Total |  62132 |  56311 |   5821 |   2268 |  36397 |  60 | 1035.5 |
       Dungeon |  16508 |  14185 |   2323 |    717 |  10223 |  15 | 1100.5 |
        Temple |    209 |    198 |     11 |      0 |    160 |   1 |  209.0 |
          Lair |   8378 |   7304 |   1074 |    344 |   5102 |   6 | 1396.3 |
        Shoals |   4349 |   3942 |    407 |      0 |   2620 |   4 | 1087.2 |
     Snake Pit |   4700 |   4549 |    151 |     59 |   3565 |   4 | 1175.0 |
    Slime Pits |   1681 |   1553 |    128 |    355 |    396 |   5 |  336.2 |
  Orcish Mines |   2039 |   1864 |    175 |      8 |   1280 |   2 | 1019.5 |
   Elven Halls |   3051 |   2887 |    164 |     66 |   1622 |   3 | 1017.0 |
        Vaults |   7100 |   6427 |    673 |    144 |   4206 |   5 | 1420.0 |
        Depths |   6161 |   5623 |    538 |      0 |   3956 |   5 | 1232.2 |
           Zot |   5171 |   4997 |    174 |    533 |   2634 |   5 | 1034.2 |
         Abyss |    513 |    513 |      0 |      0 |      0 |   1 |  513.0 |
         Trove |     62 |     62 |      0 |      0 |      0 |   1 |   62.0 |
       Volcano |    518 |    518 |      0 |      5 |     81 |   1 |  518.0 |
        Wizlab |    971 |    971 |      0 |     37 |    245 |   1 |  971.0 |
    Desolation |    715 |    715 |      0 |      0 |    306 |   1 |  715.0 |
               +--------+--------+--------+--------+--------+-----+--------+

Top non-repeatable levels by time:
    D:12: 2374 daAuts
  Lair:6: 2049 daAuts
Vaults:5: 1883 daAuts
    D:13: 1576 daAuts
  Lair:4: 1519 daAuts
Vaults:2: 1470 daAuts
Depths:2: 1434 daAuts
   Orc:2: 1407 daAuts
Depths:1: 1385 daAuts
   Zot:5: 1370 daAuts
    D:11: 1359 daAuts
Depths:3: 1357 daAuts
  Lair:5: 1330 daAuts
 Snake:4: 1327 daAuts
  Lair:3: 1322 daAuts
